 Dungeon Crawl Stone Soup version 0.23.0 (webtiles) character file.

Game seed: 17261623832826942532

27 Laan the Sneak (level 3, -3/28 HPs)
             Began as a Naga Fire Elementalist on Feb 11, 2019.
             Slain by an orc warrior
             ... wielding a +0 glaive
              (19 damage)
             ... on level 3 of the Dungeon.
             The game lasted 00:04:14 (1643 turns).

Laan the Sneak (Naga Fire Elementalist)             Turns: 1643, Time: 00:04:14

Health: -3/28      AC:  3    Str: 10    XL:     3   Next: 10%
Magic:  5/6        EV: 10    Int: 16    God:
Gold:   89         SH:  0    Dex: 11    Spells: 5/6 levels left

rFire    . . .     SeeInvis +   n - +1 dagger (elec)
rCold    . . .     Gourm    .   (no shield)
rNeg     . . .     Faith    .   g - +1 robe {Archmagi}
rPois    +         Spirit   .   (no helmet)
rElec    .         Reflect  .   (no cloak)
rCorr    .         Harm     .   (no gloves)
MR       .....                  (no barding)
Stlth    +++.......             (no amulet)
HPRegen  0.09/turn              d - ring of stealth
MPRegen  0.10/turn              (no ring)

@: short of breath, very slow
A: large, see invisible, deformed body, poison resistance, slowness 2, slow
metabolism 1, spit poison 1, AC +1
a: Spit Poison


You were on level 3 of the Dungeon.
You were not hungry.

You visited 1 branch of the dungeon, and saw 3 of its levels.

You collected 89 gold pieces.

Inventory:

Hand Weapons
 k - a +0 morningstar
 n - a +1 dagger of electrocution (weapon)
Armour
 g - a +1 robe of the Archmagi (worn)
Jewellery
 d - a ring of stealth (left hand)
Scrolls
 a - a scroll of fog
 f - a scroll of teleportation {unknown}
 i - 3 scrolls of identify {unknown}
 j - a scroll of fear {unknown}
 l - 2 scrolls of enchant armour {unknown}
 m - a scroll of enchant weapon {unknown}
Potions
 b - 4 potions of heal wounds {unknown}
 e - 2 potions of flight {unknown}
 h - a potion of mutation {unknown}
Comestibles
 c - 4 rations
 o - a chunk of flesh


   Skills:
 - Level 1.5 Dodging
 - Level 3.0 Stealth
 + Level 2.4 Spellcasting
 * Level 2.4 Conjurations
 - Level 3.0 Fire Magic


You had 5 spell levels left.
You knew the following spells:

 Your Spells              Type           Power        Failure   Level  Hunger
a - Flame Tongue          Conj/Fire      ###..        6%          1    #......

Your spell library contained the following spells:

 Spells                   Type           Power        Failure   Level  Hunger
 Throw Flame              Conj/Fire      ###...       10%         2    ###....
 Conjure Flame            Conj/Fire      ###.....     19%         3    ###....
 Inner Flame              Hex/Fire       ##......     32%         3    ###....
 Sticky Flame             Conj/Fire      ###.....     54%         4    #####..
 Fireball                 Conj/Fire      ###.......   87%         5    ######.


Dungeon Overview and Level Annotations

Branches:
Dungeon (3/15)

Altars:
Xom


Innate Abilities, Weirdness & Mutations

You cannot wear boots.
Your serpentine skin is tough. (AC +1)
You have supernaturally acute eyesight. (SInv)
Armour fits poorly on your strangely shaped body.
Your system is resistant to poisons. (rPois)
You cover ground very slowly.
You have a slow metabolism.
You can spit poison.


Message History

Casting: Flame Tongue (safe; 6% risk of failure)
Confirm with . or Enter, or press ? or * to list all spells.
Aiming: Flame Tongue (safe; 6% risk of failure)
Press: ? - help, Shift-Dir - straight line, f - orc warrior
Aim: an orc warrior, wielding a +0 glaive and wearing a +0 chain mail You feel a surge of power!
The flame tongue hits the orc warrior but does no damage.
The orc warrior hits you from afar with a +0 glaive!
Casting: Flame Tongue (safe; 6% risk of failure)
Confirm with . or Enter, or press ? or * to list all spells.
You don't know that spell.
Press: ? - help, Shift-Dir - straight line, f/p - orc warrior
Aim: an orc warrior, wielding a +0 glaive and wearing a +0 chain mail The splash of poison hits the orc warrior.
The orc warrior is poisoned.
The orc warrior is lightly wounded.
You feel slightly more hungry.
The orc warrior hits you from afar with a +0 glaive!!
Ouch! That really hurt!
You die...

##..#..# #.#.####.#
##..#..# #.#......#
....#..# #.#####..#
##..#..###.# #....#
#.......#.# #.##.#
#..#....#.# #.#..#
#...#.###.# #.#..#
##.#.......# #.#.##
...#...##### #.#@#
[..#...# #.#.# ###
##.#...# #.#o####..)..
#.....>## #.#......#
........######.####o.##
................. ..#
.........######.# l.g#
............# #....
######.#....# #..$.


You could see an orc warrior.

Vanquished Creatures
  A dart slug (D:1)
  2 leopard geckos
  A ball python (D:1)
  2 giant cockroaches (D:1)
  3 goblins
  2 hobgoblins
  2 kobolds
  3 bats
  A frilled lizard (D:3)
  3 rats
20 creatures vanquished.

Notes
Turn   | Place    | Note
-------+----------+-------------------------------------------
     0 | D:1      | Laan the Naga Fire Elementalist began the quest for the
                  | Orb.
     0 | D:1      | Reached XP level 1. HP: 15/15 MP: 3/3
    45 | D:1      | Found a shimmering altar of Xom.
   376 | D:1      | Reached XP level 2. HP: 16/22 MP: 0/5
  1044 | D:2      | You fall through a shaft!
  1351 | D:3      | Reached XP level 3. HP: 28/28 MP: 3/6
  1637 | D:3      | Noticed an orc warrior
  1643 | D:3      | Slain by an orc warrior

Skill      XL: |  1  2 |
---------------+-------+-----
Conjurations   | 2 |  2.4
Dodging        | |  1.5
Stealth        | |  3.0
Spellcasting   | |  2.4
Fire Magic     | |  3.0

Action                   || total
-------------------------++-------
 Cast: Flame Tongue      ||    40
 Abil: Spit Poison       ||     2
  Use: Scroll            ||     2
  Eat: Chunk             ||     2
Armor: Robe              ||    11
Dodge: Dodged            ||    27
